 Dungeon Crawl Stone Soup version 0.31-a0-229-g1fc7ce93e2 (webtiles) character file.

Game seed: 6428268307152234257

1407 Cidec the Cleaver (level 8, -5/56 HPs)
             Began as a Demonspawn Gladiator on June 29, 2023.
             Was an Initiate of Makhleb.
             Killed from afar by an electric eel (7 damage)
             ... with a bolt of electricity
             ... on level 6 of the Dungeon on July 6, 2023.
             The game lasted 00:21:53 (5580 turns).

Cidec the Cleaver (Demonspawn Gladiator)            Turns: 5580, Time: 00:21:55

Health: -5/56      AC: 25    Str: 18    XL:     8   Next: 42%
Magic:  8/8        EV:  8    Int:  9    God:    Makhleb [......]
Gold:   331        SH:  4    Dex: 20    Spells: 7/7 levels left

rFire   . . .        a - +0 war axe (protect)
rCold   . . .        (no shield)
rNeg    . . .        f - +1 chain mail
rPois   .            q - +2 helmet
rElec   .            (no cloak)
rCorr   .            y - +0 pair of gloves
SInv    .            (no boots)
Will    .....        (no amulet) Stlth
                     m - +6 ring of dexterity
HPRegen 0.29/turn    k - ring of flight
MPRegen 0.11/turn

%: no passive effects
@: under a protective aura, flying
A: claws 1, icemail 1, sharp scales 1, condensation shield
a: Renounce Religion


You were on level 6 of the Dungeon.
You worshipped Makhleb.
Makhleb was noncommittal.
You visited 2 branches of the dungeon, and saw 7 of its levels.

You collected 331 gold pieces.

Inventory:

Hand Weapons
 a - a +0 war axe of protection (weapon)
 o - a +2 sling of freezing
Missiles
 d - 3 throwing nets (quivered)
 e - 4 javelins
Armour
 f - a +1 chain mail (worn)
 q - a +2 helmet (worn)
 y - a +0 pair of gloves (worn)
Jewellery
 k - a ring of flight (right hand)
 m - a +6 ring of dexterity (left hand)
Wands
 c - a wand of light (3)
 u - a wand of flame (4)
 v - a wand of digging (1)
Scrolls
 b - a scroll of enchant armour
 i - 2 scrolls of poison {unknown}
 j - a scroll of amnesia
 p - a scroll of brand weapon
 t - a scroll of teleportation {unknown}
 w - 2 scrolls of enchant weapon {unknown}
 z - a scroll of fog {unknown}
Potions
 n - a potion of enlightenment


   Skills:
 - Level 2.0 Fighting
 + Level 8.3 Axes
 - Level 5.7 Throwing
 - Level 2.6 Dodging


You had 7 spell levels left.
You didn't know any spells.
Your spell library contained the following spells:

 Spells                   Type           Power      Damage    Failure   Level
 Beastly Appendage        Tmut           0%         N/A       99%         1
 Necrotise                Necr           0%         1d4       99%         1
 Wereblood                Tmut           0%         N/A       100%        2
 Spider Form              Tmut/Pois      0%         N/A       100%        3
 Vampiric Draining        Necr           0%         2d6       100%        3
 Agony                    Necr           0%         N/A       100%        5


Dungeon Overview and Level Annotations

Branches:
Dungeon (6/15)             Temple (1/1) D:5

Altars:
Ashenzari
Cheibriados
Dithmenos
Fedhas
Kikubaaqudgha
Makhleb
Okawaru
Qazlal
Ru
Sif Muna
Uskayaw
Vehumet
Wu Jian
Yredelemnul

Shops:
D:5 =[

Annotations:
D:6 1 runed translucent door, Crazy Yiuf


Innate Abilities, Weirdness & Mutations

You have sharp fingernails.
A meltable icy envelope protects you from harm. (AC +4)
You are partially covered in razor-sharp scales. (AC +1, Slay +1)
A meltable shield of frost defends you. (SH +4)


Message History

The bolt of electricity hits you! x2
You are too injured to fight recklessly!
You are too injured to fight recklessly!
You are too injured to fight recklessly!
You hit the electric eel but do no damage.
Your weapon exudes an aura of protection.
You hit the electric eel but do no damage.
The electric eel shoots out a bolt of lightning at you!
The bolt of electricity hits you! The bolt of electricity hits you.
* * * LOW HITPOINT WARNING * * *
Okay, then.
You feel better.
The electric eel shoots out a bolt of lightning at you!
The bolt of electricity hits you but does no damage.
The bolt of electricity hits you!
You hit the electric eel.
The electric eel is moderately wounded.
You miss the electric eel.
The electric eel is moderately wounded.
You barely miss the electric eel.
The electric eel is moderately wounded.
You barely miss the electric eel.
The electric eel is moderately wounded.
The electric eel shoots out a bolt of lightning at you!
The bolt of electricity hits you.
* * * LOW HITPOINT WARNING * * *
The bolt of electricity hits you but does no damage.
You slash the electric eel!
The electric eel is severely wounded.
The electric eel shoots out a bolt of lightning at you!
The bolt of electricity hits you.
* * * LOW HITPOINT WARNING * * *
The bolt of electricity hits you but does no damage.
You hit the electric eel.
The electric eel is almost dead.
The electric eel shoots out a bolt of lightning at you!
The bolt of electricity hits you!
* * * LOW HITPOINT WARNING * * *
The bolt of electricity hits you!
You die...

### ≈≈# #≈#
##≈# #≈≈#
#≈≈# #≈S# .
######@#
..≈##≈≈≈##≈#
#≈≈≈≈≈≈≈≈≈#
####....###
####.# #.#
#.# #.# #.
#.# #.#


You could see an electric eel.

Vanquished Creatures
  A black bear (D:6)
  2 ice beasts
  3 ogres
  A centaur (D:5)
  2 phantoms (D:5)
  5 wights
  An orc priest (D:5)
  A jelly (D:5)
  2 iguanas
  Natasha (thrice) (D:3)
  Robin (D:3)
  7 adders
  A worm (D:2)
  11 dart slugs
  6 orcs
  9 endoplasms
  3 giant cockroaches
  12 goblins
  11 hobgoblins
  2 jackals (D:3)
  3 quokkas
  7 ball pythons
  5 bats
  6 frilled lizards
  7 kobolds
  8 rats
120 creatures vanquished.

Vanquished Creatures (others)
  An orc wizard (D:5)
1 creature vanquished.

Grand Total: 121 creatures vanquished

Notes
Turn   | Place    | Note
-------+----------+-------------------------------------------
     0 | D:1      | Cidec the Demonspawn Gladiator began the quest for the Orb.
     0 | D:1      | Reached XP level 1. HP: 16/16 MP: 1/1
   103 | D:1      | Reached skill level 3 in Axes
   103 | D:1      | Gained mutation: A meltable shield of frost defends you.
                  | (SH +4) [demonic ancestry]
   103 | D:1      | Reached XP level 2. HP: 20/22 MP: 2/2
   474 | D:1      | Reached XP level 3. HP: 13/27 MP: 3/3
  1319 | D:3      | Found an ornate altar of the Wu Jian Council.
  1405 | D:3      | Gained mutation: You are partially covered in razor-sharp
                  | scales. (AC +1, Slay +1) [demonic ancestry]
  1405 | D:3      | Reached XP level 4. HP: 33/33 MP: 4/4
  1416 | D:3      | Found a faded altar of an unknown god.
  1423 | D:3      | Noticed Robin
  1441 | D:3      | Killed Robin
  1583 | D:3      | Reached skill level 4 in Axes
  1674 | D:3      | Found a shimmering blue altar of Sif Muna.
  1756 | D:3      | Found a radiant altar of Vehumet.
  1756 | D:3      | Noticed Natasha
  1763 | D:3      | Killed Natasha
  1764 | D:3      | Reached XP level 5. HP: 27/38 MP: 5/5
  1803 | D:3      | Noticed Natasha
  1810 | D:3      | Killed Natasha
  2090 | D:4      | You fall into a shaft and drop 2 floors!
  2098 | D:6      | Noticed an ice beast
  2138 | D:6      | Killed an ice beast
  2139 | D:6      | Gained mutation: A meltable icy envelope protects you from
                  | harm. (AC +4) [demonic ancestry]
  2139 | D:6      | Reached XP level 6. HP: 26/44 MP: 6/6
  2212 | D:6      | Found a runed translucent door.
  2213 | D:6      | Noticed Crazy Yiuf
  2374 | D:6      | Reached skill level 5 in Axes
  2501 | D:5      | Entered Level 5 of the Dungeon
  2627 | D:5      | Reached skill level 5 in Throwing
  2720 | D:5      | Gained mutation: You have sharp fingernails. [demonic
                  | ancestry]
  2720 | D:5      | Reached XP level 7. HP: 48/50 MP: 7/7
  2954 | D:3      | Upgraded the game from 0.31-a0-210-gccc998df9b to
                  | 0.31-a0-229-g1fc7ce93e2
  3058 | D:3      | Noticed Natasha
  3066 | D:3      | Killed Natasha
  3332 | D:4      | Reached skill level 6 in Axes
  4017 | D:5      | Found Atocuid's Armour Shop.
  4097 | D:5      | Found a staircase to the Ecumenical Temple.
  4106 | D:5      | Found Bytrileh's Jewellery Emporium.
  4493 | D:5      | Reached skill level 7 in Axes
  4493 | D:5      | Reached XP level 8. HP: 31/56 MP: 8/8
  4836 | Temple   | Entered the Ecumenical Temple
  4994 | Temple   | Became a worshipper of Makhleb the Destroyer
  5226 | D:6      | Reached skill level 8 in Axes
  5580 | D:6      | HP: 2/56 [electric eel/bolt of electricity (9)]
  5580 | D:6      | Killed from afar by an electric eel

Illustrated notes

Levels and vault maps discovered:
D:1:      pf_arrival_petrified_forest, layout_rooms
D:2:      layout_loops_cross
D:3:      layout_loops_cross, lemuel_tele_altar, led_sif_book,
          vehumet_altar_wand_db, mainiacjoe_overflow_six_doors_small,
          hellmonk_ecumenical_altar_blasted, chequers_mini_garden, uniq_robin,
          uniq_natasha
D:4:      layout_cave_pools
D:5:      kennysheep_slugbush, layout_basic, minmay_temple_entry_glassed_door,
          serial_shops, nicolae_shop_crystal, shop_fountains,
          nicolae_shop_pleasant_corner_grove
D:6:      layout_loops_ring, kennysheep_mini_moat, lemuel_crystal_altar,
          lightli_minifort, uniq_crazy_yiuf_cottage
Temple:   chequers_temple_sunken

Skill      XL: |  1  2  3  4  5  6  7  8 |
---------------+-------------------------+-----
Throwing       | 2 3 4 5 |  5.7
Axes           | 3 4 5 7 8 |  8.3
Fighting       | |  2.0
Dodging        | |  2.6

Action                     |  1- 3 |  4- 6 |  7- 9 || total
---------------------------+-------+-------+-------++-------
  Melee: War axe           |   103 |   129 |   146 ||   378
         Punch             |     1 |     3 |     3 ||     7
    Use: Scroll            |     3 |     1 |     4 ||     8
         Potion            |       |       |     5 ||     5
 Armour: Leather armour    |     8 |       |       ||     8
         Chain mail        |    65 |   108 |   104 ||   277
  Dodge: Dodged            |    76 |    34 |    63 ||   173
  Block: Other             |    20 |    19 |    38 ||    77

Table legend: (Time is in decaauts)
 A = Elapsed time spent in this place.
 B = Non-inter-level travel time spent in this place.
 C = Inter-level travel time spent in this place.
 D = Time resting spent in this place.
 E = Time spent auto-exploring this place.
 F = Levels seen in this place.
 G = Mean time per level.
                   A        B        C        D        E       F      G
               +--------+--------+--------+--------+--------+-----+--------+
         Total |   5732 |   5564 |    168 |   1279 |   2896 |   7 |  818.9 |
       Dungeon |   5515 |   5347 |    168 |   1279 |   2703 |   6 |  919.2 |
        Temple |    217 |    217 |      0 |      0 |    192 |   1 |  217.0 |
               +--------+--------+--------+--------+--------+-----+--------+

Top non-repeatable levels by time:
     D:5: 1439 daAuts
     D:3: 1167 daAuts
     D:4: 966 daAuts
     D:2: 730 daAuts
     D:6: 669 daAuts
     D:1: 542 daAuts
  Temple: 217 daAuts
